 Dungeon Crawl Stone Soup version 0.29.1-15-g9cfb28693d (webtiles) character file.

Game seed: 7135182947116711320

32 bmack86 the Shield-Bearer (level 3, 0/46 HPs)
             Began as a Minotaur Fighter on Apr 1, 2024.
             Slain by an orc
             ... wielding a +0 trident
              (4 damage)
             ... on level 2 of the Dungeon.
             The game lasted 00:01:26 (571 turns).

bmack86 the Shield-Bearer (Minotaur Fighter)         Turns: 571, Time: 00:01:27

Health: 0/46       AC:  6    Str: 22    XL:     3   Next: 8%
Magic:  2/2        EV:  9    Int:  5    God:
Gold:   46         SH:  4    Dex:  9    Spells: 2/2 levels left

rFire   . . .      SeeInvis .   a - +0 war axe
rCold   . . .      Faith    .   c - +0 buckler
rNeg    . . .      Spirit   .   b - +0 scale mail
rPois   .          Reflect  .   (helmet restricted)
rElec   .          Harm     .   (no cloak)
rCorr   .          Rampage  .   (no gloves)
Will    .....                   (no boots)
Stlth   ..........              (no amulet)
HPRegen 0.15/turn               (no ring)
MPRegen 0.08/turn               (no ring)

@: berserking, lethally poisoned (0 -> -8), very quick
A: horns 2, retaliatory headbutt
a: no special abilities


You were on level 2 of the Dungeon.
You visited 1 branch of the dungeon, and saw 2 of its levels.

You collected 46 gold pieces.

Inventory:

Hand Weapons
 a - a +0 war axe (weapon)
Missiles
 m - 6 poisoned darts (quivered)
Armour
 b - a +0 scale mail (worn)
 c - a +0 buckler (worn)
Jewellery
 f - a ring of positive energy
Scrolls
 e - a scroll of poison {unknown}
 g - a scroll of silence {unknown}
 h - a scroll of teleportation {unknown}
 k - a scroll of identify {unknown}
 l - a scroll of enchant armour {unknown}
 o - a scroll of noise {unknown}
 p - a scroll of magic mapping {unknown}
Potions
 d - a potion of might
 j - a potion of heal wounds {unknown}
 n - a potion of lignification {unknown}


   Skills:
 - Level 3.6 Fighting
 + Level 3.1 Axes
 - Level 3.6 Armour
 * Level 4.7 Shields


You had 2 spell levels left.
You didn't know any spells.
Your spell library was empty.

Dungeon Overview and Level Annotations

Branches:
Dungeon (2/15)

Altars:

Annotations:
D:2 Terence


Innate Abilities, Weirdness & Mutations

You have a pair of horns on your head.
You reflexively headbutt those who attack you in melee.


Message History

The adder barely misses you.
Terence the Incautious comes into view.
He is wielding a +1 vorpal flail.
The orc hits you with a +0 dagger. You block the orc's attack.
The kobold hits you but does no damage.
Unknown command.
Terence shouts!
You hit the orc.
The orc is moderately wounded.
You slash the orc!
You kill the orc!
You hit the kobold.
You kill the kobold!
You hit the orc. You barely miss the adder. The adder closely misses you.
The adder bites you but does no damage.
The hobgoblin shoots a sling bullet.
The sling bullet barely misses you. The orc completely misses you.
The orc barely misses you. The orc hits you with a +0 mace.
* * * LOW HITPOINT WARNING * * *
You slash the orc!
You kill the orc!
You hit the orc.
You kill the orc!
You barely miss the adder. The adder bites you but does no damage.
You block the orc's attack. The adder bites you.
* * * LOW HITPOINT WARNING * * *
You are lethally poisoned!
The adder poisons you!
You have reached level 3!
Your experience leads to an increase in your attributes!
Increase (S)trength, (I)ntelligence, or (D)exterity?
You feel stronger. x2
It was a potion of berserk rage.
A red film seems to cover your vision as you go berserk!
You feel yourself moving faster!
You feel mighty!
* * * LOW HITPOINT WARNING * * *
You feel sick. The adder completely misses you. You furiously retaliate!
You headbutt the adder.
The orc wizard hits you but does no damage.
You are lethally poisoned!
The orc hits you from afar with a +0 trident.
You die...

#.......#
######..#####
............#
#######..##.#
##.......#+###
#.............
#.............
#....)........
#....)@.......
#....S)o.....#
#....o..J..<.#
#..........g...#
#............J.#
#........###.@..
##........ ....
#......... )..


You could see Terence, an orc wizard, an adder, an orc, 2 endoplasms and a
hobgoblin.

Vanquished Creatures
  A dart slug (D:1)
  3 orcs (D:2)
  A bat (D:2)
  6 endoplasms
  2 goblins (D:1)
  3 hobgoblins
  2 quokkas (D:1)
  2 ball pythons (D:1)
  A kobold (D:2)
  2 rats (D:1)
23 creatures vanquished.

Notes
Turn   | Place    | Note
-------+----------+-------------------------------------------
     0 | D:1      | bmack86 the Minotaur Fighter began the quest for the Orb.
     0 | D:1      | Reached XP level 1. HP: 19/19 MP: 0/0
   165 | D:1      | Reached skill level 4 in Shields
   170 | D:1      | Reached XP level 2. HP: 26/26 MP: 1/1
   433 | D:1      | Found a faded altar of an unknown god.
   568 | D:2      | Noticed Terence
   571 | D:2      | Reached XP level 3. HP: 3/31 MP: 2/2
   571 | D:2      | Slain by an orc

Illustrated notes

Levels and vault maps discovered:
D:1:      wander_arrival_peaceful_grave, layout_rooms,
          shapermc_ecumenical_altar_hornbeckon
D:2:      layout_basic, uniq_jessica, uniq_terence, uniq_robin

Skill      XL: |  1  2 |
---------------+-------+-----
Shields        | 4 |  4.7
Axes           | 3 |  3.1
Fighting       | |  3.6
Armour         | |  3.6

Action                   || total
-------------------------++-------
Melee: War axe           ||    35
       Headbutt          ||     8
Throw: Dart              ||     1
  Use: Potion            ||     1
Armor: Scale mail        ||    19
Dodge: Dodged            ||    22
Block: Buckler           ||    11
